 Dungeon Crawl Stone Soup version 0.19.5 (webtiles) character file.

9897 ghjk the Severer (level 11, -7/97 HPs)
             Began as a Minotaur Fighter on Apr 26, 2017.
             Was a High Priest of Okawaru.
             Mangled by Snorg (13 damage)
             ... on level 10 of the Dungeon.
             The game lasted 00:14:52 (9447 turns).

ghjk the Severer (Minotaur Fighter)                 Turns: 9447, Time: 00:14:54

Health: -7/97      AC: 17    Str: 28    XL:     11   Next: 29%
Magic:  10/10      EV:  8    Int:  5    God:    Okawaru [*****.]
Gold:   632        SH: 14    Dex: 10    Spells: 0 memorised, 10 levels left

rFire  . . .     SeeInvis .     a - +1 war axe
rCold  + . .     Gourm    .     D - +3 chain mail
rNeg   . . .     Faith    .     c - +0 shield
rPois  +         Spirit   .     (helmet restricted)
rElec  .         Reflect  +     g - +2 cloak {+Inv}
rCorr  .         Harm     .     (no gloves)
MR     .....                    (no boots)
Stlth  ..........               d - +4 amulet of reflection
                                A - +4 ring of strength
                                h - ring of protection from cold

@: about to teleport
A: retaliatory headbutt, horns 2, poison resistance
a: Heroism, Finesse, Renounce Religion, Evoke Invisibility


You were on level 10 of the Dungeon.
You worshipped Okawaru.
Okawaru was extremely pleased with you.
You were not hungry.

You visited 2 branches of the dungeon, and saw 11 of its levels.
You also visited: Ossuary.

You collected 722 gold pieces.
You spent 90 gold pieces at shops.

Inventory:

Hand Weapons
 a - a +1 war axe (weapon)
 E - a +0 morningstar
Armour
 b - a +1 scale mail
 c - a +0 shield (worn)
 g - a +2 cloak of invisibility (worn)
 D - a +3 chain mail (worn)
 K - a +0 plate armour
Jewellery
 d - a +4 amulet of reflection (around neck)
 h - a ring of protection from cold (left hand)
 v - an uncursed ring of resist corrosion {unknown}
 A - a +4 ring of strength (right hand)
Wands
 k - a wand of polymorph (11/24)
 w - a wand of flame (37/48)
Scrolls
 e - a scroll of enchant armour
 j - 4 scrolls of amnesia
 l - 10 scrolls of remove curse
 m - 2 scrolls of enchant weapon
 r - 5 scrolls of fear
 x - 3 scrolls of teleportation
 I - a scroll of fog
 L - a scroll of identify
 M - a scroll of recharging
 O - a scroll of magic mapping {unknown}
Potions
 i - 4 potions of flight
 n - 2 potions of haste
 o - 5 potions of curing
 p - 5 potions of brilliance
 s - a potion of magic
 t - 4 potions of lignification
 u - 2 potions of berserk rage {unknown}
 z - 2 potions of heal wounds
 B - a potion of invisibility
 C - a potion of mutation {unknown}
 H - a potion of might
 J - a potion of cure mutation
Books
 q - a book of Minor Magic

   Spells                             Type                      Level
   a - Magic Dart                     Conjuration                  1
   b - Blink                          Translocation                2
   c - Call Imp                       Summoning                    2
   d - Repel Missiles                 Charms/Air                   2
   e - Slow                           Hexes                        2
   f - Conjure Flame                  Conjuration/Fire             3
   g - Mephitic Cloud                 Conjuration/Poison/Air       3
 y - a book of Maledictions

   Spells                             Type                      Level
   a - Corona                         Hexes                        1
   b - Ensorcelled Hibernation        Hexes/Ice                    2
   c - Confuse                        Hexes                        3
   d - Tukima's Dance                 Hexes                        3
   e - Dazzling Spray                 Conjuration/Hexes            3
Comestibles
 f - 5 bread rations
 F - 2 meat rations
 G - a fruit
 N - a chunk of flesh


   Skills:
 + Level 9.1 Fighting
 * Level 16.2 Axes
 + Level 9.1 Armour
 + Level 3.8 Dodging
 - Level 3.6 Shields
 + Level 0.2 Invocations


You had 10 spell levels left.
You didn't know any spells.

Dungeon Overview and Level Annotations

Branches:
Dungeon (10/15)            Temple (1/1) D:4            Lair (0/6) D:9
    Orc (0/2) D:9

Altars:
Cheibriados
Dithmenos
Fedhas
Gozag
Hepliaklqana
Kikubaaqudgha
Makhleb
Nemelex Xobeh
Okawaru
Qazlal
Ru
Trog
Uskayaw
Vehumet
Xom
Yredelemnul
Zin
The Shining One
Beogh

Shops:
D:5 [(?

Annotations:
D:10 Snorg


Innate Abilities, Weirdness & Mutations

You reflexively headbutt those who attack you in melee.
You have a pair of horns on your head.
Your system is resistant to poisons. (rPois)


Message History

You see here a great sword.
You hit Snorg. Your headbutt misses Snorg.
Snorg is lightly wounded.
You block Snorg's attack. x2; Snorg claws you but does no damage.
Snorg bites you but does no damage. Snorg claws you! x2
You hear a shout!
You block Snorg's attack. Snorg barely misses you. x2
You closely miss Snorg. You headbutt Snorg!
Snorg is lightly wounded.
Snorg bites you! Snorg claws you!
* * * LOW HITPOINT WARNING * * *
You block Snorg's attack.
An orc comes into view. It is wielding a morningstar.
As you read the scroll of teleportation, it crumbles to dust.
You feel strangely unstable. You block Snorg's attack. Snorg claws you!
* * * LOW HITPOINT WARNING * * *
Snorg closely misses you. Snorg bites you!
* * * LOW HITPOINT WARNING * * *
Snorg claws you but does no damage. Snorg claws you!
You die...

##...# #....#
#.#######....#####
#.....))o....'...####
...
.......)###...#.......
.. .######.#
#.).#....# #. #.#
#........# #. #.#
#...T....# #. #.#
####.@...# #. #'#
####..# ########. ...
#..# #........ #..#
#........ #..#
##........ #..#
#......... #..#
#....#####
#..####....##
#...........#


You could see Snorg (berserk) and an orc.

Vanquished Creatures
  Urug (D:10)
  Pikel (D:4)
  4 hill giants (D:10)
  The ghost of Doomgape the Basher, a novice HuFi of Elyvilon (D:5)
  Maurice (D:8)
  A komodo dragon (D:9)
  2 two-headed ogres (D:9)
  A vampire (D:8)
  The ghost of Rationalist the Skirmisher, an amateur MiFi (D:4)
  Grum (D:8)
  6 yaks
  A human (D:10)
  A water moccasin (D:7)
  Duvessa (D:4)
  4 orc warriors (D:9)
  An ice beast (D:7)
  3 sky beasts
  A black bear (D:10)
  3 ogres
  3 phantoms
  2 centaurs
  2 wolves (D:8)
  4 bullfrogs
  Dowan (D:4)
  A scorpion (D:5)
  3 killer bees (D:9)
  10 wights
  2 electric eels (D:10)
  4 crimson imps
  2 centaur zombies
  A bullfrog zombie (D:5)
  6 orc priests
  Crazy Yiuf (D:2)
  2 hounds
  A jelly (D:9)
  2 centaur skeletons
  4 orc wizards
  6 iguanas
  Terence (D:2)
  Natasha (thrice) (D:4 D:6)
  7 worker ants
  A killer bee zombie (D:9)
  A hound zombie (D:5)
  6 mummies
  11 gnolls
  3 adders
  An adder zombie (D:8)
  4 worms
  4 dart slugs
  7 leopard geckos
  30 orcs
  9 giant cockroaches
  2 gnoll zombies (Ossuary)
  5 goblins
  9 hobgoblins
  13 jackals
  11 kobolds
  4 quokkas
  2 ball pythons
  14 bats
  3 frilled lizards
  2 goblin zombies (Ossuary)
  2 hobgoblin zombies (Ossuary)
  A kobold zombie (Ossuary)
  2 quokka skeletons (D:4)
  2 rats
252 creatures vanquished.

Vanquished Creatures (others)
  2 plants (D:9)
2 creatures vanquished.

Grand Total: 254 creatures vanquished

Notes
Turn   | Place    | Note
-------+----------+-------------------------------------------
     0 | D:1      | ghjk the Minotaur Fighter began the quest for the Orb.
     0 | D:1      | Reached XP level 1. HP: 19/19 MP: 0/0
   133 | D:1      | Reached XP level 2. HP: 27/27 MP: 1/1
   337 | D:1      | Reached skill level 3 in Axes
   400 | D:2      | Reached XP level 3. HP: 33/33 MP: 2/2
   446 | D:2      | Found a runed door.
   533 | D:2      | Noticed Terence
   539 | D:2      | Killed Terence
   539 | D:2      | Reached skill level 1 in Dodging
   571 | D:2      | Reached XP level 4. HP: 28/40 MP: 3/3
   721 | D:2      | Reached skill level 4 in Axes
  1260 | D:2      | Noticed Crazy Yiuf
  1265 | D:2      | Killed Crazy Yiuf
  1506 | D:3      | Reached XP level 5. HP: 32/46 MP: 4/4
  1607 | D:3      | Reached skill level 5 in Axes
  1826 | D:3      | Found a hide-covered altar of Uskayaw.
  2167 | D:4      | Noticed Duvessa
  2167 | D:4      | Noticed Dowan
  2176 | D:4      | Killed Duvessa
  2176 | D:4      | Reached skill level 6 in Axes
  2176 | D:4      | Reached XP level 6. HP: 53/53 MP: 5/5
  2179 | D:4      | Killed Dowan
  2179 | D:4      | Reached skill level 5 in Armour
  2247 | D:4      | Noticed Pikel
  2247 | D:4      | Noticed a slave
  2247 | D:4      | Noticed a slave
  2248 | D:4      | Noticed a slave
  2252 | D:4      | Noticed a slave
  2262 | D:4      | Killed Pikel
  2262 | D:4      | Reached skill level 5 in Fighting
  2262 | D:4      | Reached skill level 8 in Axes
  2262 | D:4      | Reached XP level 7. HP: 46/61 MP: 6/6
  2429 | D:4      | Noticed Rationalist's ghost (amateur MiFi)
  2441 | D:4      | Killed Rationalist's ghost
  2441 | D:4      | Reached skill level 9 in Axes
  2450 | D:4      | Reached XP level 8. HP: 64/68 MP: 7/7
  2677 | D:4      | Gained mutation: Your system is resistant to poisons. (rPois) [potion of beneficial mutation]
  2684 | D:4      | Noticed Natasha
  2693 | D:4      | Killed Natasha
  2769 | D:4      | Noticed Natasha
  2777 | D:4      | Killed Natasha
  2831 | D:4      | Found a staircase to the Ecumenical Temple.
  3097 | Temple   | Entered the Ecumenical Temple
  3290 | Temple   | Became a worshipper of Warmaster Okawaru
  3340 | D:5      | Entered Level 5 of the Dungeon
  3358 | D:5      | Found Luobellu's Magic Scroll Boutique.
  3366 | D:5      | Bought a scroll of identify for 30 gold pieces
  3366 | D:5      | Bought a scroll of identify for 30 gold pieces
  3366 | D:5      | Bought a scroll of identify for 30 gold pieces
  3375 | D:5      | Found Vyloehau's Antique Weapon Shoppe.
  3384 | D:5      | Noticed Doomgape's ghost (novice HuFi)
  3397 | D:5      | Killed Doomgape's ghost
  3397 | D:5      | Reached skill level 10 in Axes
  3602 | D:5      | Found a snail-covered altar of Cheibriados.
  3643 | D:5      | Found Itezuesu's Antique Armour Emporium.
  3658 | D:5      | Reached skill level 11 in Axes
  4091 | D:6      | Reached * piety under Okawaru
  4429 | D:6      | Noticed Natasha
  4434 | D:6      | Killed Natasha
  4620 | D:6      | Found an opulent altar of Gozag.
  4817 | D:7      | Reached XP level 9. HP: 58/74 MP: 8/8
  5233 | D:7      | Reached skill level 12 in Axes
  5373 | D:7      | Reached ** piety under Okawaru
  6266 | D:8      | Reached skill level 13 in Axes
  6304 | D:8      | Noticed Grum
  6316 | D:8      | Reached *** piety under Okawaru
  6334 | D:8      | Killed Grum
  6605 | D:8      | Noticed Maurice
  6612 | D:8      | Found a sand-covered staircase.
  6627 | D:8      | Killed Maurice
  6627 | D:8      | Reached XP level 10. HP: 85/86 MP: 9/9
  6636 | Ossuary  | Entered an ossuary
  7030 | D:8      | Reached skill level 14 in Axes
  7259 | D:9      | Found a blossoming altar of Fedhas.
  7296 | D:9      | Reached **** piety under Okawaru
  7862 | D:9      | Found a roughly hewn altar of Beogh.
  7862 | D:9      | Found a staircase to the Orcish Mines.
  7872 | D:9      | Reached skill level 15 in Axes
  7883 | D:9      | Received a gift from Okawaru
  7903 | D:9      | Found a staircase to the Lair.
  8176 | D:9      | Found a bloodstained altar of Trog.
  8326 | D:10     | Entered Level 10 of the Dungeon
  8326 | D:10     | Noticed Urug
  8373 | D:10     | Noticed a hill giant
  8382 | D:10     | Killed a hill giant
  8446 | D:10     | Noticed a hill giant
  8458 | D:10     | Killed a hill giant
  8458 | D:10     | Reached ***** piety under Okawaru
  8512 | D:10     | Reached XP level 11. HP: 45/95 MP: 10/10
  8815 | D:10     | Killed Urug
  8986 | D:10     | Noticed a hill giant
  8986 | D:10     | Noticed a hill giant
  8991 | D:10     | Killed a hill giant
  8991 | D:10     | Received a gift from Okawaru
  8997 | D:10     | Killed a hill giant
  8997 | D:10     | Reached skill level 16 in Axes
  9432 | D:10     | Noticed Snorg
  9447 | D:10     | Mangled by Snorg

Skill      XL: |  1  2  3  4  5  6  7  8  9 10 11 |
---------------+----------------------------------+-----
Fighting       | 4 5 7 8 9 |  9.1
Armour         | 4 5 6 7 8 9 |  9.1
Axes           | 3 4 6 8 9 11 13 15 16 | 16.2
Dodging        | 1 2 3 |  3.8
Shields        | |  3.6
Invocations    | |  0.2

Action                   |  1- 3 |  4- 6 |  7- 9 | 10-12 || total
-------------------------+-------+-------+-------+-------++-------
Melee: War axe           |    83 |   147 |   263 |   252 ||   745
       Headbutt          |     7 |    19 |    60 |    57 ||   143
Invok: Heroism           |       |       |       |     1 ||     1
  Use: Scroll            |       |     6 |    13 |     4 ||    23
       Potion            |       |     1 |     3 |       ||     4
  Eat: Chunk             |       |     5 |     6 |     7 ||    18
       Fruit             |       |       |     2 |     2 ||     4
       Pizza             |       |       |     2 |       ||     2
       Royal jelly       |       |       |     1 |       ||     1
       Beef jerky        |       |       |     1 |       ||     1
Armor: Scale mail        |    52 |    66 |     6 |       ||   124
       Chain mail        |       |       |    97 |    56 ||   153
Dodge: Dodged            |    17 |    51 |    49 |    36 ||   153
Block: Shield            |    46 |    74 |   140 |   109 ||   369
       Reflection        |       |       |       |     2 ||     2
